 Dungeon Crawl Stone Soup version 0.22-a0-247-gbddf880 (webtiles) character file.

3685 4thArraOfDagon the Geomancer (level 10, 0/82 HPs)
             Began as a Formicid Warper on Feb 25, 2018.
             Was a Believer of Cheibriados.
             Slain by a red ugly thing (3 damage)
             ... on level 14 of the Dungeon.
             The game lasted 00:25:44 (5874 turns).

4thArraOfDagon the Geomancer (Formicid Warper)      Turns: 5874, Time: 00:25:44

Health: 0/82       AC:  9    Str: 21    XL:     10   Next: 35%
Magic:  1/20       EV: 11    Int: 21    God:    Cheibriados [**....]
Gold:   327        SH:  2    Dex: 18    Spells: 10/22 levels left

rFire    . . .     SeeInvis +   B - +0 war axe
rCold    . . .     Gourm    .   (no shield)
rNeg     . . .     Faith    .   j - +0 ring mail
rPois    +         Spirit   .   (helmet unavailable)
rElec    .         Reflect  +   (no cloak)
rCorr    .         Harm     .   (no gloves)
MR       +....                  x - +2 pair of boots
Stlth    +.........             A - +2 amulet of reflection
HPRegen  0.23/turn              l - ring of poison resistance
MPRegen  0.17/turn              m - +3 ring of dexterity

@: very slow
A: permanent stasis, dig shafts and tunnels, four strong arms, antennae 3,
rugged brown scales 1, blurry vision 1, deterioration 1, sense surroundings 1
a: Dig, Shaft Self, Bend Time, Renounce Religion


You were on level 14 of the Dungeon.
You worshipped Cheibriados.
Cheibriados was pleased with you.
You were full.

You visited 1 branch of the dungeon, and saw 11 of its levels.

You collected 327 gold pieces.

Inventory:

Hand Weapons
 a - a +0 spear
 f - a +2 short sword of freezing
 B - a +0 war axe (weapon)
Missiles
 e - a tomahawk of dispersal (quivered)
 z - 6 curare-tipped needles
Armour
 b - a +0 leather armour
 j - a +0 ring mail (worn)
 p - a +0 pair of boots
 x - a +2 pair of boots (worn)
Jewellery
 l - a ring of poison resistance (left hand)
 m - a +3 ring of dexterity (right hand)
 A - a +2 amulet of reflection (around neck)
Wands
 i - a wand of digging (12)
 y - a wand of disintegration (7)
 E - a wand of polymorph (2)
Scrolls
 d - a scroll of blinking
 g - a scroll of remove curse
 k - a scroll of amnesia
 q - a scroll of fog
 u - a scroll of enchant weapon {unknown}
 v - a scroll of immolation {unknown}
 w - 3 scrolls of teleportation
Potions
 h - 2 potions of berserk rage
 r - 2 potions of haste
 s - a potion of degeneration
 C - a potion of curing
Comestibles
 c - 3 rations


   Skills:
 - Level 8.0 Fighting
 - Level 6.1(6.3) Axes
 - Level 2.0(4.3) Polearms
 - Level 1.0 Throwing
 - Level 1.1 Armour
 - Level 1.7 Dodging
 + Level 6.7 Spellcasting
 - Level 2.6 Translocations
 * Level 8.7 Earth Magic
 - Level 5.0 Invocations


You had 10 spell levels left.
You knew the following spells:

 Your Spells              Type           Power        Failure   Level  Hunger
a - Lesser Beckoning      Tloc           ###.......   16%         3    #......
b - Passage of Golubria   Tloc           N/A          45%         4    ###....
c - Lee's Rapid Deconstr  Erth           #####.....   12%         5    #####..


Dungeon Overview and Level Annotations

Branches:
Dungeon (15/15)
 Temple: D:4-7         Lair: D:8-11         Orc: D:9-12      Vaults: D:13-14
 Depths: D:15

Altars:
Ashenzari
Cheibriados
Elyvilon
Fedhas
Nemelex Xobeh

Annotations:
D:5 Prince Ribbit


Innate Abilities, Weirdness & Mutations

You cannot be hasted, slowed, berserked, paralysed or teleported.
You can dig through walls and to a lower floor.
Your four strong arms can wield two-handed weapons with a shield.
You have a pair of large antennae on your head. (SInv)
You are partially covered in rugged brown scales. (AC +1, +3% HP)
Scrolls take you a little longer to read.
Your body sometimes deteriorates upon taking damage.
You passively map a small area around you.


Message History

Unknown command.
Casting: Lee's Rapid Deconstruction (slightly dangerous; 12% risk of failure)
Confirm with . or Enter, or press ? or * to list all spells.
Aiming: Lee's Rapid Deconstruction (slightly dangerous; 12% risk of failure)
Press: ? - help, Dir - move target cursor The wall shatters!
The blast of rock fragments hits the red ugly thing.
The red ugly thing is severely wounded.
The blast of rock fragments hits the red ugly thing.
The red ugly thing is almost dead.
The red ugly thing basks in the mutagenic energy from its kin and changes!
The red ugly thing barely misses you.
Unknown command.
Evoke which item? (* to show all) (? for menu, Esc to quit)
Aiming: Disintegrate
Press: ? - help, Shift-Dir - straight line, f - red ugly thing
Aim: a red ugly thing (almost dead, chance to defeat MR: 48%)
The red ugly thing resists with some effort.
The red ugly thing kicks you.
You die...

############### ###
.#.#..[.)u.##.## #.# #######
#.#.####[##.##)#####.####.....##
#######.#.##..uu@........#####.##
######.###.###o################.#
#.(.#.##....uu.{...,,,,..........
#....###....u......,,,,......###.
#...## #.....u.....,,,,.....,* #.
....# #......{....,,,,....,,* #.
#...# #.....u.....<,,,...,,,* #.
#...# #...........,,<,..,,,,* #.
#...# #.......<...,,,,.,,,,,* #.


You could see 5 ugly things and an orc.

Vanquished Creatures
  A two-headed ogre (D:10)
  An ugly thing (D:14)
  A deep elf mage (D:15)
  A centaur skeleton (D:14)
  A kobold demonologist (D:14)
  2 tengu conjurers (D:14)
  A hippogriff (D:3)
  A soldier ant (D:14)
  An orc warrior (D:14)
  2 sky beasts
  3 ogres
  A bullfrog (D:10)
  A scorpion (D:4)
  A howler monkey (D:3)
  2 hounds
  A jelly (D:6)
  2 orc priests (D:4)
  An orc wizard (D:3)
  A hound skeleton (D:4)
  4 adders
  An adder zombie (D:1)
  3 dart slugs
  4 leopard geckos
  13 orcs
  2 giant cockroaches
  7 goblins
  11 hobgoblins
  2 quokkas
  9 bats
  2 frilled lizards
  8 kobolds
  A leopard gecko zombie (D:1)
  5 rats
  2 fungi (D:2)
99 creatures vanquished.

Notes
Turn   | Place    | Note
-------+----------+-------------------------------------------
     0 | D:1      | 4thArraOfDagon the Formicid Warper began the quest for the Orb.
     0 | D:1      | Reached XP level 1. HP: 16/16 MP: 3/3
   223 | D:1      | Reached XP level 2. HP: 23/23 MP: 5/5
   563 | D:1      | You fall through a shaft!
   581 | D:2      | Reached XP level 3. HP: 26/29 MP: 6/6
   769 | D:4      | Noticed an ogre
   781 | D:4      | Noticed a scorpion
   788 | D:5      | Entered Level 5 of the Dungeon
   834 | D:5      | Found a sand-covered staircase.
   879 | D:5      | Found a white marble altar of Elyvilon.
   924 | D:5      | Found a snail-covered altar of Cheibriados.
   924 | D:5      | Found a sparkling altar of Nemelex Xobeh.
   927 | D:5      | Found a blossoming altar of Fedhas.
   932 | D:5      | Became a worshipper of Cheibriados the Contemplative
  1350 | D:1      | Reached XP level 4. HP: 35/38 MP: 7/7
  2080 | D:2      | Reached * piety under Cheibriados
  2308 | D:2      | Gained mutation: Scrolls take you a little longer to read. [potion of mutation]
  2308 | D:2      | Gained mutation: You are partially covered in rugged brown scales. (AC +1, +3% HP) [potion of mutation]
  2308 | D:2      | Gained mutation: Your body sometimes deteriorates upon taking damage. [potion of mutation]
  2308 | D:2      | Gained mutation: You passively map a small area around you. [potion of mutation]
  2740 | D:2      | Reached skill level 5 in Fighting
  2854 | D:2      | You fall through a shaft!
  2900 | D:3      | Reached XP level 5. HP: 43/45 MP: 8/8
  3002 | D:3      | Learned a level 3 spell: Lesser Beckoning
  3007 | D:3      | Learned a level 4 spell: Passage of Golubria
  3638 | D:4      | Noticed a hippogriff
  3651 | D:3      | Killed a hippogriff
  3651 | D:3      | Reached XP level 6. HP: 27/56 MP: 9/9
  3943 | D:4      | Reached XP level 7. HP: 61/61 MP: 10/10
  3964 | D:4      | Reached skill level 1 in Axes
  3980 | D:4      | Reached skill level 1 in Invocations
  4143 | D:4      | Reached ** piety under Cheibriados
  4547 | D:5      | Noticed Prince Ribbit
  4621 | D:6      | Reached XP level 8. HP: 54/70 MP: 11/11
  4671 | D:6      | Noticed a troll
  4678 | D:6      | You fall through a shaft for 3 floors!
  4678 | D:9      | Noticed a two-headed ogre
  4680 | D:9      | Found a shattered altar of Ashenzari.
  4682 | D:10     | Entered Level 10 of the Dungeon
  4819 | D:10     | Noticed a two-headed ogre
  4831 | D:10     | Killed a two-headed ogre
  4831 | D:10     | Reached XP level 9. HP: 44/76 MP: 12/15
  4853 | D:10     | Learned a level 5 spell: Lee's Rapid Deconstruction
  4917 | D:10     | Noticed a two-headed ogre
  4939 | D:10     | You fall through a shaft for 3 floors!
  4939 | D:13     | Noticed a four-headed hydra
  4942 | D:13     | You fall through a shaft for 2 floors!
  4942 | D:15     | Entered Level 15 of the Dungeon
  5130 | D:14     | Reached skill level 1 in Earth Magic
  5130 | D:14     | Reached skill level 5 in Invocations
  5242 | D:14     | Noticed a red ugly thing
  5242 | D:14     | Noticed a red ugly thing
  5242 | D:14     | Noticed a kobold demonologist
  5243 | D:14     | Noticed a red ugly thing
  5246 | D:14     | You fall through a shaft!
  5307 | D:15     | Noticed a deep elf mage
  5314 | D:15     | Killed a deep elf mage
  5451 | D:14     | Noticed a red ugly thing
  5472 | D:14     | Reached skill level 5 in Spellcasting
  5472 | D:14     | Reached skill level 5 in Earth Magic
  5523 | D:14     | Noticed a red ugly thing
  5524 | D:14     | Noticed a red ugly thing
  5540 | D:14     | Killed a green ugly thing
  5540 | D:14     | Reached XP level 10. HP: 12/82 MP: 2/18
  5853 | D:14     | Killed a kobold demonologist
  5871 | D:14     | HP: 2/82 [red ugly thing (22)]
  5874 | D:14     | Slain by a red ugly thing

Vault maps used:
D:1:      saegor_arrival_fortress, kennysheep_decorative_pillar,
          minmay_stone_trees_small
D:2:      first_ration, minmay_gold_behind_fungi, grunt_ministairs_4
D:3:      st_stairs_9
D:5:      grunt_temple_overflow_open, chequers_ossuary_entry_cave,
          uniq_prince_ribbit1
D:6:      minmay_cornered_nines, temple_fountains, eino_tiny_chamber,
          uniq_edmund
D:9:      lemuel_crystal_altar, serial_shops, shop
D:10:     grunt_ogre_cave
D:13:     lemuel_slime, grunt_ministairs_13, uniq_azrael, uniq_kirke,
          uniq_rupert
D:14:     david_vaults_2, lab_entry_generic
D:15:     grunt_enter_depths_giant_problem, roderic_lattice_a

Skill      XL: |  1  2  3  4  5  6  7  8  9 10 |
---------------+-------------------------------+-----
Fighting       | 3 4 5 7 8 |  8.0
Axes           | 3 6 |  6.1
Invocations    | 2 4 5 |  5.0
Spellcasting   | 4 5 6 |  6.7
Earth Magic    | 6 8 |  8.7
Polearms       | |  2.0
Throwing       | |  1.0
Armour         | |  1.1
Dodging        | |  1.7
Translocations | |  2.6

Action                   |  1- 3 |  4- 6 |  7- 9 | 10-12 || total
-------------------------+-------+-------+-------+-------++-------
Melee: Spear             |    32 |       |       |       ||    32
       Short sword       |    78 |   103 |    44 |       ||   225
       War axe           |       |       |    76 |    34 ||   110
       Unarmed           |       |       |    27 |       ||    27
Throw: Tomahawk          |     2 |       |     2 |       ||     4
 Cast: Lee's Rapid Decon |       |       |     3 |     4 ||     7
Invok: Bend Time         |       |       |     2 |       ||     2
 Abil: Shaft Self        |     1 |       |     4 |       ||     5
       Dig               |     4 |     6 |    27 |     2 ||    39
Evoke: Wand              |       |     5 |    18 |     6 ||    29
  Use: Scroll            |     4 |     4 |     5 |       ||    13
       Potion            |       |     1 |     5 |       ||     6
 Stab: Paralysed         |       |     6 |     9 |       ||    15
  Eat: Ration            |     1 |       |     6 |       ||     7
       Chunk             |       |     7 |     1 |       ||     8
Armor: Leather armour    |    12 |       |       |       ||    12
       Ring mail         |    31 |    42 |    63 |    25 ||   161
       Skin              |       |       |     3 |       ||     3
Dodge: Dodged            |    44 |    60 |    93 |    33 ||   230
Block: Other             |       |     2 |    10 |     2 ||    14

Table legend:
 A = Spawn XP
 B = Non-spawn XP
 C = Spawn XP percentage of total XP
 D = Spawn monster count
 E = Non-spawn monster count
 F = Spawn count percentage of total count
 G = Total turns spent on level
                    A         B        C        D         E        F      G
               +---------+---------+-------+---------+---------+-------+---------
         Total |       0 |    5265 |   0.0 |       0 |      97 |   0.0 |  5874
               +---------+---------+-------+---------+---------+-------+---------
           D:1 |       0 |      46 |   0.0 |       0 |      25 |   0.0 |  1407
           D:2 |       0 |      37 |   0.0 |       0 |      15 |   0.0 |   975
           D:3 |       0 |     379 |   0.0 |       0 |      18 |   0.0 |  1161
           D:4 |       0 |     510 |   0.0 |       0 |      19 |   0.0 |   877
           D:5 |       0 |      19 |   0.0 |       0 |       3 |   0.0 |   194
           D:6 |       0 |      43 |   0.0 |       0 |       1 |   0.0 |    64
          D:10 |       0 |    1253 |   0.0 |       0 |       4 |   0.0 |   257
          D:14 |       0 |    2406 |   0.0 |       0 |      11 |   0.0 |   689
          D:15 |       0 |     572 |   0.0 |       0 |       1 |   0.0 |   243
               +---------+---------+-------+---------+---------+-------+---------
